 Dungeon Sprint DCSS version 0.31-a0-38-g1548c4f2a5 (webtiles) character file.

Game seed: 1608353428721261322

16527 fozzywoppz the Unseen (level 12, -3/67 HPs)
             Began as a Spriggan Enchanter on May 16, 2023.
             Was an Elder of Sif Muna.
             Slain by an azure jelly (30 damage)
             ... in the Dungeon (Sprint III: "The Ten Rune Challenge").
             The game lasted 00:19:19 (1750 turns).

fozzywoppz the Unseen (Spriggan Enchanter)          Turns: 1750, Time: 00:19:20

Health: -3/67      AC:  5    Str:  6    XL:     12   Next: 10%
Magic:  17/25      EV: 42    Int: 16    God:    Sif Muna [****..]
Gold:   1328       SH:  0    Dex: 27    Spells: 11/19 levels left

rFire   + . .        a - +1 dagger
rCold   . . .        (no shield)
rNeg    . . .        k - +0 robe {rF+}
rPois   .            (helmet restricted)
rElec   .            j - +2 cloak {Stlth+}
rCorr   .            (gloves unavailable)
SInv    +            (boots unavailable)
Will    ++...        (no amulet)
Stlth   ++++++++++   r - +6 ring of dexterity
HPRegen 0.31/turn    (no ring)
MPRegen 0.19/turn

%: no teleportation
@: unable to drink, very quick
A: very small, no large weapons, unfitting armour, see invisible, speed 3, horns
1, thin skeletal structure 1, inability to drink after injury 1
a: Renounce Religion, Channel Magic, Forget Spell, Divine Exegesis


You were in the Dungeon.
You worshipped Sif Muna.
Sif Muna was greatly pleased with you.
You visited 1 branch You collected 2519 gold pieces.
You spent 1191 gold pieces at shops.

Inventory:

Hand Weapons
 a - a +1 dagger (weapon)
 p - a +1 antimagic short sword
Missiles
 b - 4 curare-tipped darts (quivered)
Armour
 j - a +2 cloak of stealth (worn)
 k - a +0 robe of fire resistance (worn)
Jewellery
 r - a +6 ring of dexterity (left hand)
Potions
 c - 2 potions of invisibility
 d - 3 potions of curing
 f - 2 potions of haste
 g - 2 potions of magic
 m - 6 potions of mutation
 n - 2 potions of ambrosia
 o - 2 potions of resistance
 s - a potion of cancellation {unknown}
Miscellaneous
 q - a phantom mirror
 t - a tin of tremorstones (2/2)


   Skills:
 - Level 10.0 Fighting
 - Level 10.0 Short Blades
 - Level 5.0 Throwing
 - Level 20.0 Dodging
 - Level 20.0 Stealth
 - Level 4.0 Spellcasting
 - Level 1.0 Conjurations
 - Level 10.0 Hexes
 - Level 3.0 Translocations
 + Level 16.1 Invocations
 - Level 5.0 Evocations


You had 11 spell levels left.
You knew the following spells:

 Your Spells              Type           Power      Damage    Failure   Level
a - Ensorcelled Hibernat  Hex/Ice        38%        N/A       3%          2
b - Confusing Touch       Hex            35%        N/A       1%          3
c - Tukima's Dance        Hex            35%        N/A       1%          3

Your spell library contained the following spells:

 Spells                   Type           Power      Damage    Failure   Level
 Portal Projectile        Hex/Tloc       48%        N/A       3%          3
 Dazzling Flash           Conj/Hex       40%        N/A       5%          3
 Blink                    Tloc           24%        N/A       8%          2
 Lesser Beckoning         Tloc           24%        N/A       8%          2
 Momentum Strike          Conj/Tloc      18%        3d8       11%         2
 Teleport Other           Tloc           12%        N/A       14%         3
 Anguish                  Hex/Necr       9%         N/A       22%         4
 Leda's Liquefaction      Hex/Erth       9%         N/A       22%         4
 Vhi's Electric Charge    Tloc/Air       16%        N/A       26%         3
 Volatile Blastmotes      Fire/Tloc      16%        2d11      26%         3
 Hailstorm                Conj/Ice       4%         3d4       38%         3
 Manifold Assault         Tloc           12%        N/A       43%         4
 Passage of Golubria      Tloc           12%        N/A       43%         4
 Vampiric Draining        Necr           3%         2d6       45%         3
 Metabolic Englaciation   Hex/Ice        9%         N/A       52%         5
 Silence                  Hex/Air        9%         N/A       52%         5
 Animate Dead             Necr           3%         N/A       86%         4
 Petrify                  Tmut/Erth      3%         N/A       86%         4
 Fireball                 Conj/Fire      2%         3d4       98%         5
 Irradiate                Conj/Tmut      2%         3d12      98%         5
 Agony                    Necr           3%         N/A       99%         5
 Borgnjor's Vile Clutch   Necr/Erth      1%         N/A       99%         5
 Lee's Rapid Deconstruct  Erth           1%         3d4*      99%         5
 Death Channel            Necr           1%         N/A       100%        6
 Simulacrum               Ice/Necr       1%         N/A       100%        6
 Statue Form              Tmut/Erth      2%         N/A       100%        6
 Infestation              Necr           1%         N/A       100%        8
 Necromutation            Tmut/Necr      1%         N/A       100%        8
 Shatter                  Erth           1%         3d6*      100%        9


Dungeon Overview and Level Annotations

Branches:
Dungeon (1/1)

Altars:
Cheibriados
Dithmenos
Elyvilon
Fedhas
Gozag
Hepliaklqana
Kikubaaqudgha
Makhleb
Nemelex Xobeh
Okawaru
Qazlal
Ru
Sif Muna
Trog
Uskayaw
Vehumet
Wu Jian
Xom
Yredelemnul
Zin
The Shining One
Jiyva
Lugonu

Shops:
D *

Annotations:
D Gastronok


Innate Abilities, Weirdness & Mutations

You are very small and have problems with some larger weapons.
You are too small for most types of armour.
You have supernaturally acute eyesight. (SInv)
You cover ground extremely quickly. (Speed+++)
You have a pair of small horns on your head.
You have a somewhat thin skeletal structure. (Dex +2, Stealth+)
You occasionally lose the ability to drink potions when taking damage.


Message History

You hit Gastronok. You punch Gastronok.
Gastronok is lightly wounded.
The black mamba completely misses you. The black mamba closely misses you.
You hit Gastronok. You headbutt Gastronok.
Gastronok is moderately wounded.
The black mamba completely misses you. Gastronok completely misses you.
The dungeon rumbles!
The azure jelly is lightly wounded.
The black mamba is heavily wounded.
Gastronok is heavily wounded.
A door shatters! x2
Ka-crash!
You hear a bellow!
The black mamba splashes around in the water.
The azure jelly misses you.
The azure jelly completely misses you. x2
The azure jelly hits you but does no damage.
The black mamba splashes around in the water.
The azure jelly completely misses you. x2; The azure jelly misses you.
The azure jelly completely misses you. The black mamba completely misses you.
You hear a bellow! x2
Unknown command.
Cast which spell? (? or * to list)
Aiming: Ensorcelled Hibernation (safe; 3% risk of failure)
Press: ? - help, Shift-Dir - straight line, f - Gastronok
Aim: Gastronok, wearing a +0 hat (thin mist, heavily wounded, covering ground quickly, chance to affect: 9%)
Okay, then.
You enter the shallow water.
Moving in this stuff is going to be slow.
The black mamba completely misses you. The azure jelly closely misses you.
The azure jelly misses you. The azure jelly closely misses you.
The azure jelly completely misses you. The black mamba completely misses you.
The azure jelly hits you but does no damage.
The azure jelly misses you. The azure jelly closely misses you.
The azure jelly completely misses you. Gastronok barely misses you.
The black mamba attacks as you move away!
The black mamba splashes around in the water. x2
You revert to your normal fleshy form.
Your +0 robe of fire resistance unmelds from your body.
You feel resistant to fire. The azure jelly completely misses you.
The azure jelly hits you. The azure jelly freezes you!!
You feel threatened and lose the ability to drink potions!
You die...

▓.................#___#__+..
▓▓▓▓▓▓▓▓▓▓▓▓▓▓▓▓▓▓▓▓▓▓▓▓▓▓▓▓
▓....~~≈≈§§~~........♣♣♣♣~~
▓....~~.§§≈~~~...≈≈≈≈'♣♣+♣≈
▓....~~~≈~§≈≈~†...†..#.~♣♣♣
▓....~~~≈§§§~≈....♣♣♣#..♣♣
▓..?#≈~§§S~w~~...♣ ###'♣♣
▓...####.##J####.. ♣♣♣♣.##
▓.........@.)...♣ ♣...##†
▓...#######..###'♣ ♣♣.##.#
▓. ...... ♣..#.# ##.####
♣♣.##. .. ♣♣.##. ... ♣†....
###+ ######


You could see Gastronok (swift) and an azure jelly.

Vanquished Creatures
  Rupert (D)
  Frances (D)
  3 azure jellies (D)
  Donald (D)
  A dire elephant (D)
  Erolcha (D)
  Urug (D)
  A lindwurm (D)
  A deep elf pyromancer (D)
  An orc sorcerer (D)
  2 elephants (D)
  A black mamba (D)
  2 cane toads (D)
  A rime drake (D)
  A komodo dragon (D)
  3 wandering mushrooms (D)
  8 blink frogs (D)
  2 tyrant leeches (D)
  A shadow (D)
  5 redbacks (D)
  A swamp drake (D)
  5 orc warriors (D)
  5 two-headed ogres (D)
  A necrophage (D)
  A water elemental (D)
  A jelly (D)
  2 orc priests (D)
  Crazy Yiuf (D)
  Jessica (D)
  A wizard (D)
  A necromancer (D)
  2 orc wizards (D)
  3 humans (D)
  A kobold demonologist (D)
  8 orcs (D)
  An endoplasm (D)
  2 rats (D)
75 creatures vanquished.

Notes
Turn   | Place    | Note
-------+----------+-------------------------------------------
     0 | D        | fozzywoppz the Spriggan Enchanter began the quest for the
                  | Orb.
     0 | D        | Reached XP level 1. HP: 9/9 MP: 5/5
    12 | D        | Noticed Jessica
    15 | D        | Killed Jessica
    16 | D        | Reached skill level 5 in Dodging
    16 | D        | Reached skill level 5 in Hexes
    16 | D        | Reached XP level 2. HP: 13/13 MP: 6/8
    18 | D        | Reached XP level 3. HP: 16/16 MP: 6/9
    30 | D        | Learned a level 2 spell: Ensorcelled Hibernation
    34 | D        | Learned a level 3 spell: Confusing Touch
    38 | D        | Learned a level 3 spell: Tukima's Dance
    67 | D        | Noticed Crazy Yiuf
    74 | D        | Killed Crazy Yiuf
    75 | D        | Reached XP level 4. HP: 21/21 MP: 9/11
    97 | D        | Gained mutation: You have a pair of small horns on your
                  | head. [potion of mutation]
    97 | D        | Gained mutation: You have a somewhat thin skeletal
                  | structure. (Dex +2, Stealth+) [potion of mutation]
    97 | D        | Gained mutation: You occasionally lose the ability to drink
                  | potions when taking damage. [potion of mutation]
   129 | D        | Noticed a water elemental
   132 | D        | Killed a water elemental
   133 | D        | Reached skill level 10 in Stealth
   136 | D        | Found a radiant altar of Vehumet.
   136 | D        | Found a shimmering blue altar of Sif Muna.
   136 | D        | Found an ancient bone altar of Kikubaaqudgha.
   136 | D        | Noticed a wizard
   138 | D        | Killed a wizard
   139 | D        | Reached XP level 5. HP: 24/24 MP: 12/12
   152 | D        | Found a glowing silver altar of Zin.
   152 | D        | Found a glowing golden altar of the Shining One.
   152 | D        | Found a white marble altar of Elyvilon.
   153 | D        | Noticed a deep elf pyromancer
   155 | D        | Killed a deep elf pyromancer
   156 | D        | Reached XP level 6. HP: 28/28 MP: 13/13
   156 | D        | Reached XP level 7. HP: 32/32 MP: 14/14
   162 | D        | Found a hide-covered altar of Uskayaw.
   162 | D        | Found an iron altar of Okawaru.
   162 | D        | Found a bloodstained altar of Trog.
   162 | D        | Found an ornate altar of the Wu Jian Council.
   162 | D        | Noticed a human
   163 | D        | Noticed a human
   165 | D        | Killed a human
   166 | D        | Reached skill level 1 in Fighting
   166 | D        | Reached skill level 15 in Stealth
   166 | D        | Killed a human
   182 | D        | Found a basalt altar of Yredelemnul.
   182 | D        | Found a shadowy altar of Dithmenos.
   182 | D        | Found a sacrificial altar of Ru.
   193 | D        | Noticed a shadow
   195 | D        | Killed a shadow
   196 | D        | Reached XP level 8. HP: 40/40 MP: 5/15
   215 | D        | Found a blossoming altar of Fedhas.
   215 | D        | Found a stormy altar of Qazlal.
   215 | D        | Found a snail-covered altar of Cheibriados.
   215 | D        | Found a burning altar of Makhleb.
   215 | D        | Found a shimmering altar of Xom.
   216 | D        | Found a hazy altar of Hepliaklqana.
   216 | D        | Found an opulent altar of Gozag.
   216 | D        | Found a sparkling altar of Nemelex Xobeh.
   216 | D        | Found a corrupted altar of Lugonu.
   216 | D        | Found a viscous altar of Jiyva.
   246 | D        | Became a worshipper of Sif Muna the Loreminder
   273 | D        | Reached skill level 10 in Short Blades
   275 | D        | Reached * piety under Sif Muna
   280 | D        | Noticed a two-headed ogre
   283 | D        | Killed a two-headed ogre
   284 | D        | Reached skill level 5 in Fighting
   288 | D        | Noticed a two-headed ogre
   288 | D        | Noticed Erolcha
   290 | D        | Killed Erolcha
   291 | D        | Reached skill level 15 in Dodging
   291 | D        | Reached XP level 9. HP: 48/48 MP: 5/16
   291 | D        | Killed a two-headed ogre
   291 | D        | Reached ** piety under Sif Muna
   307 | D        | Noticed a wandering mushroom
   337 | D        | Found Hecaterchio's Assorted Antiques.
   338 | D        | Noticed an orc sorcerer
   344 | D        | Reached *** piety under Sif Muna
   344 | D        | Killed an orc sorcerer
   344 | D        | Reached **** piety under Sif Muna
   345 | D        | Reached skill level 5 in Invocations
   352 | D        | Reached ***** piety under Sif Muna
   352 | D        | Received a gift from Sif Muna
   367 | D        | Got Zush's Parchment of Confrontation and Zombies {god
                  | gift}
   573 | D        | Bought an orange potion for 21 gold pieces
   573 | D        | Bought a large golden ring for 120 gold pieces
   573 | D        | Bought an orange potion for 21 gold pieces
   573 | D        | Bought a sedimented ruby potion for 21 gold pieces
   573 | D        | Bought a tin of tremorstones (2/2) for 960 gold pieces
   573 | D        | Bought a scroll of identify for 48 gold pieces
   624 | D        | Noticed a wandering mushroom
   637 | D        | Killed a wandering mushroom
   638 | D        | Reached XP level 10. HP: 55/55 MP: 2/17
   679 | D        | Noticed a cane toad
   679 | D        | Noticed a cane toad
   690 | D        | Killed a cane toad
   690 | D        | Received a gift from Sif Muna
   691 | D        | Got Sif Muna's Secrets of the Spatial Graveyard {god gift}
   719 | D        | Killed a cane toad
  1161 | D        | Noticed Frances
  1162 | D        | Noticed Donald
  1165 | D        | Killed Frances
  1166 | D        | Killed Donald
  1216 | D        | Reached skill level 1 in Translocations
  1220 | D        | Reached XP level 11. HP: 62/62 MP: 19/19
  1228 | D        | Received a gift from Sif Muna
  1229 | D        | Reached skill level 1 in Conjurations
  1265 | D        | Noticed a lindwurm
  1268 | D        | Killed a lindwurm
  1269 | D        | Reached skill level 10 in Invocations
  1271 | D        | Reached skill level 10 in Fighting
  1276 | D        | Reached skill level 10 in Hexes
  1276 | D        | Noticed Urug
  1279 | D        | Killed Urug
  1279 | D        | Reached ****** piety under Sif Muna
  1283 | D        | Noticed a seven-headed hydra
  1283 | D        | Noticed a seven-headed hydra
  1331 | D        | Received a gift from Sif Muna
  1332 | D        | Got Sif Muna's Compilation of Warped Earth {god gift}
  1394 | D        | Noticed Rupert
  1398 | D        | Killed Rupert
  1410 | D        | Noticed a dire elephant
  1410 | D        | Noticed a dire elephant
  1410 | D        | Noticed Gastronok
  1414 | D        | Noticed an azure jelly
  1420 | D        | Noticed an azure jelly
  1425 | D        | Noticed an azure jelly
  1549 | D        | Noticed an azure jelly
  1563 | D        | Reached skill level 5 in Evocations
  1579 | D        | Killed an azure jelly
  1580 | D        | Reached skill level 5 in Throwing
  1580 | D        | Killed a dire elephant
  1585 | D        | Killed an azure jelly
  1672 | D        | Received a gift from Sif Muna
  1676 | D        | Reached skill level 15 in Invocations
  1676 | D        | Got Sif Muna's Treatise on Spectral Places {god gift}
  1697 | D        | Killed an azure jelly
  1698 | D        | Reached XP level 12. HP: 47/67 MP: 14/24
  1750 | D        | Slain by an azure jelly

Illustrated notes

Levels and vault maps discovered:
D:        dungeon_sprint_mu [sprint_mu_entry_forest, sprint_mu_temple_rooms,
          sprint_mu_d1_spiders, sprint_mu_d2_genie, sprint_mu_d3_branching,
          sprint_mu_orc_legion, sprint_mu_elf_gauntlet, sprint_mu_hive_nellie,
          sprint_mu_lair_fedhas, sprint_mu_vaults_butterflies,
          sprint_mu_slime_circle, sprint_mu_swamp_cave, sprint_mu_shoals_kraken,
          sprint_mu_blade_basic, sprint_mu_crypt_fortress,
          sprint_mu_tomb_spiral, sprint_mu_vestibule_basic,
          sprint_mu_gehenna_hellfire, sprint_mu_dis_giant,
          sprint_mu_tartarus_statrot, sprint_mu_cocytus_islands, sprint_mu_zot1]

Skill      XL: |  1  2  3  4  5  6  7  8  9 10 11 12 |
---------------+-------------------------------------+-----
Dodging        | 5 7 8 12 13 15 16 18 20 | 20.0
Spellcasting   | 4 |  4.0
Stealth        | 6 8 10 14 15 17 19 20 | 20.0
Hexes          | 5 9 10 | 10.0
Short Blades   | 4 8 9 10 | 10.0
Fighting       | 3 6 7 9 10 | 10.0
Invocations    | 3 6 9 15 16 | 16.1
Translocations | 1 3 |  3.0
Conjurations   | 1 |  1.0
Throwing       | 5 |  5.0
Evocations     | 5 |  5.0

Action                     |  1- 3 |  4- 6 |  7- 9 | 10-12 || total
---------------------------+-------+-------+-------+-------++-------
  Melee: Dagger            |    10 |     4 |     2 |   134 ||   150
         Short sword       |       |       |    43 |    84 ||   127
         Headbutt          |       |       |     8 |    70 ||    78
         Punch             |       |       |       |     2 ||     2
  Throw: Dart              |       |       |       |     4 ||     4
   Cast: Ensorcelled Hiber |     1 |       |     3 |    10 ||    14
         Confusing Touch   |       |       |     1 |     3 ||     4
         Shatter           |       |       |       |     2 ||     2
         Fireball          |       |       |       |     1 ||     1
         Statue Form       |       |       |       |     1 ||     1
         Infestation       |       |       |       |     1 ||     1
 Invoke: Divine Exegesis   |       |       |       |     5 ||     5
  Evoke: Phantom mirror    |       |       |     4 |     2 ||     6
    Use: Scroll            |       |     2 |     3 |     1 ||     6
         Potion            |       |     1 |     3 |     4 ||     8
   Stab: Sleeping          |     7 |     4 |    13 |    17 ||    41
         Distracted        |       |       |     1 |       ||     1
         Confused          |       |       |       |     3 ||     3
 Armour: Robe              |     1 |       |       |     2 ||     3
         Skin              |       |       |       |    27 ||    27
  Dodge: Dodged            |     3 |       |    15 |   289 ||   307

Table legend: (Time is in decaauts)
 A = Elapsed time spent in this place.
 B = Non-inter-level travel time spent in this place.
 C = Inter-level travel time spent in this place.
 D = Time resting spent in this place.
 E = Time spent auto-exploring this place.
 F = Levels seen in this place.
 G = Mean time per level.
                   A        B        C        D        E       F      G
               +--------+--------+--------+--------+--------+-----+--------+
         Total |   1456 |   1456 |      0 |    542 |     57 |   1 | 1456.0 |
       Dungeon |   1456 |   1456 |      0 |    542 |     57 |   1 | 1456.0 |
               +--------+--------+--------+--------+--------+-----+--------+

Top non-repeatable levels by time:
       D: 1456 daAuts
